 Dungeon Crawl Stone Soup version 0.27-a0-46-g34d46f0a3f (webtiles) character file.

Game seed: 15494067304643031506

29 Borgoz the Skirmisher (level 3, 0/31 HPs)
             Began as a Ghoul Monk on Jan 6, 2021.
             Slain by Sigmund
             ... wielding a +0 scythe
              (1 damage)
             ... on level 2 of the Dungeon.
             The game lasted 00:01:38 (1214 turns).

Borgoz the Skirmisher (Ghoul Monk)                  Turns: 1214, Time: 00:01:39

Health: 0/31       AC:  5    Str: 12 (14) XL:     3   Next: 16%
Magic:  2/2        EV: 11    Int:  4 (5)  God:
Gold:   72         SH:  0    Dex: 10 (12) Spells: 2/2 levels left

rFire    . . .     SeeInvis .   a - +2 falchion
rCold    + . .     Faith    +   (no shield)
rNeg     + + +     Spirit   .   h - +0 ring mail
rPois    ∞         Reflect  .   (no helmet)
rElec    .         Harm     .   (no cloak)
rCorr    .         Rampage  .   (no gloves)
Will     .....                  (no boots)
Stlth    +.........             f - amulet of faith
HPRegen  0.00/turn              (no ring)
MPRegen  0.08/turn              (no ring)

@: about to teleport
A: claws 1, cold resistance 1, negative energy resistance 3, inhibited
regeneration, torment resistance, unbreathing
a: no special abilities


You were on level 2 of the Dungeon.
You visited 1 branch of the dungeon, and saw 2 of its levels.

You collected 72 gold pieces.

Inventory:

Hand Weapons
 a - a +2 falchion (weapon)
Armour
 h - a +0 ring mail (worn)
Jewellery
 f - an amulet of faith (around neck)
Scrolls
 b - a scroll of teleportation
 c - a scroll of fog {unknown}
 e - a scroll of random uselessness {unknown}
 i - a scroll of remove curse {unknown}
 j - a scroll of noise {unknown}
 k - a scroll of enchant armour {unknown}
 m - a scroll of immolation {unknown}


   Skills:
 + Level 3.6 Fighting
 * Level 3.3 Long Blades
 + Level 3.0 Dodging
 - Level 2.1 Stealth


You had 2 spell levels left.
You didn't know any spells.
Your spell library was empty.

Dungeon Overview and Level Annotations

Branches:
Dungeon (2/15)

Altars:

Annotations:
D:2 Sigmund


Innate Abilities, Weirdness & Mutations

You thrive by killing the living.
You are immune to poison.
You have sharp fingernails.
Your flesh is cold resistant. (rC+)
You are immune to negative energy. (rN+++)
You do not regenerate when monsters are visible.
You are immune to unholy pain and torment.
You can survive without breathing.


Message History

Deactivating autopickup; reactivate with Ctrl-A.
No target in view!
No target in view!
You aren't carrying any potions.
As you read the scroll labelled NUPHUO ULEWNUY, it crumbles to dust.
It is a scroll of enchant weapon.
Your +0 falchion glows red for a moment.
Something hits you but does no damage.
As you read the scroll of enchant weapon, it crumbles to dust.
Your +1 falchion glows red for a moment.
Something hits you.
You miss something. You hit something. Something hits you.
You closely miss something. Something hits you!
* * * LOW HITPOINT WARNING * * *
You aren't carrying any potions.
As you read the scroll labelled HEMUCA MUDOPS, it crumbles to dust.
You feel strangely unstable.
It was a scroll of teleportation.
Something hits you.
You die...

###########
#.........#
#.........####
#.....)......#
#.......†.##.#
###.#<..#.#
#.#.....#
#####.#...###
#..@..#...#
#.{.......#
#...(.#...#
##########.)
>.


There were no monsters in sight!

Vanquished Creatures
  A leopard gecko (D:1)
  A giant cockroach (D:1)
  5 goblins
  5 hobgoblins (D:1)
  2 jackals (D:1)
  6 bats (D:1)
  A frilled lizard (D:2)
  A kobold (D:1)
  4 rats (D:1)
26 creatures vanquished.

Vanquished Creatures (others)
  3 plants (D:1)
3 creatures vanquished.

Grand Total: 29 creatures vanquished

Notes
Turn   | Place    | Note
-------+----------+-------------------------------------------
     0 | D:1      | Borgoz the Ghoul Monk began the quest for the Orb.
     0 | D:1      | Reached XP level 1. HP: 19/19 MP: 0/0
    95 | D:1      | Reached XP level 2. HP: 18/26 MP: 1/1
   750 | D:1      | Reached XP level 3. HP: 24/31 MP: 2/2
  1194 | D:2      | Noticed Sigmund
  1213 | D:2      | HP: 1/31 [something (13)]
  1214 | D:2      | Slain by Sigmund

Illustrated notes

Levels and vault maps discovered:
D:1:      lightli_arrival_flooded_house, layout_loops_cross, minmay_hexomino_p4
D:2:      layout_basic, corexii_corridor_pit, mrwooster_statue_mirror,
          lexackson_kobold_supper, uniq_sigmund

Skill      XL: |  1  2 |
---------------+-------+-----
Long Blades    | 3 |  3.3
Dodging        | 3 |  3.0
Fighting       | |  3.6
Stealth        | |  2.1

Action                   || total
-------------------------++-------
Melee: Falchion          ||    79
  Use: Potion            ||     3
       Scroll            ||     3
Armor: Robe              ||    15
       Ring mail         ||    10
Dodge: Dodged            ||    53
       Rpst.: Falchion   ||    14

Table legend: (Time is in decaauts)
 A = Elapsed time spent in this place.
 B = Non-inter-level travel time spent in this place.
 C = Inter-level travel time spent in this place.
 D = Time resting spent in this place.
 E = Time spent auto-exploring this place.
 F = Levels seen in this place.
 G = Mean time per level.
                   A        B        C        D        E       F      G
               +--------+--------+--------+--------+--------+-----+--------+
         Total |   1225 |   1197 |     28 |    261 |    716 |   2 |  612.5 |
       Dungeon |   1225 |   1197 |     28 |    261 |    716 |   2 |  612.5 |
               +--------+--------+--------+--------+--------+-----+--------+

Top non-repeatable levels by time:
     D:1: 1191 daAuts
     D:2: 33 daAuts
